 Dungeon Crawl Stone Soup version 0.27-a0-1202-ge72e49191c (webtiles) character file.

Game seed: 16923648597896134696

932 quinnr the Conjurer (level 8, 0/44 HPs)
             Began as a Tengu Fire Elementalist on June 3, 2021.
             Killed from afar by a steam dragon (16 damage)
             ... with a ball of steam
             ... on level 7 of the Dungeon.
             The game lasted 00:16:43 (6278 turns).

quinnr the Conjurer (Tengu Fire Elementalist)       Turns: 6278, Time: 00:16:43

Health: 0/44       AC:  3    Str:  8    XL:     8   Next: 11%
Magic:  10/17      EV: 14    Int: 18    God:
Gold:   251        SH:  0    Dex: 15    Spells: 6/17 levels left

rFire    . . .     SeeInvis .   (no weapon)
rCold    + . .     Faith    .   (no shield)
rNeg     + . .     Spirit   .   a - +0 robe
rPois    .         Reflect  .   (helmet restricted)
rElec    .         Harm     .   (no cloak)
rCorr    .         Rampage  .   f - +0 pair of gloves
Will     .....                  (boots unavailable)
Stlth    ++........             (no amulet)
HPRegen  0.14/turn              g - ring of positive energy
MPRegen  0.15/turn              c - ring of protection from cold

@: mighty, flying quickly and evasively, quick
A: beak, talons 3, nimble flight
a: no special abilities


You were on level 7 of the Dungeon.
You visited 2 branches of the dungeon, and saw 8 of its levels.

You collected 251 gold pieces.

Inventory:

Missiles
 l - 5 curare-tipped darts
Armour
 a - a +0 robe (worn)
 f - a +0 pair of gloves (worn)
Jewellery
 b - a +4 ring of protection
 c - a ring of protection from cold (right hand)
 g - a ring of positive energy (left hand)
 u - an amulet of faith
 w - a ring of flight
Wands
 p - a wand of iceblast (15)
 t - a wand of flame (12)
Scrolls
 i - 3 scrolls of noise
 m - a scroll of enchant weapon
 q - a scroll of fog
 s - a scroll of enchant armour {unknown}
 v - a scroll of teleportation {unknown}
 x - a scroll of magic mapping {unknown}
 y - a scroll of acquirement {unknown}
 z - a scroll of holy word {unknown}
 A - a scroll of torment {unknown}
 B - a scroll of blinking {unknown}
Potions
 d - 5 potions of curing {unknown}
 e - 2 potions of attraction {unknown}
 h - a potion of invisibility {unknown}
 k - a potion of cancellation
 o - a potion of magic {unknown}
 r - a potion of lignification {unknown}
 C - a potion of resistance {unknown}


   Skills:
 - Level 2.0 Fighting
 - Level 2.1 Dodging
 - Level 2.0 Stealth
 + Level 5.4 Spellcasting
 - Level 6.0 Conjurations
 + Level 1.9 Summonings
 - Level 6.0 Fire Magic


You had 6 spell levels left.
You knew the following spells:

 Your Spells              Type           Power      Damage    Failure   Level
a - Foxfire               Conj/Fire      100%       2x1d9     1%          1
b - Conjure Flame         Conj/Fire      26%        6-21      3%          3
c - Fireball              Conj/Fire      13%        3d7       30%         5
d - Call Imp              Summ           12%        N/A       9%          2

Your spell library contained the following spells:

 Spells                   Type           Power      Damage    Failure   Level
 Summon Small Mammal      Summ           48%        N/A       5%          1
 Inner Flame              Hex/Fire       15%        N/A       11%         3
 Sticky Flame             Conj/Fire      26%        2d5       11%         4
 Call Canine Familiar     Summ           12%        N/A       17%         3
 Summon Guardian Golem    Hex/Summ       8%         N/A       26%         3
 Summon Ice Beast         Ice/Summ       8%         N/A       63%         4
 Summon Lightning Spire   Summ/Air       8%         N/A       63%         4


Dungeon Overview and Level Annotations

Branches:
Dungeon (8/15)             Temple (1/1) D:4
   Lair: D:8-11

Altars:
Cheibriados
Dithmenos
Elyvilon
Fedhas
Gozag
Hepliaklqana
Nemelex Xobeh
Ru
Trog
Uskayaw
Wu Jian
The Shining One

Shops:
D:8 (


Innate Abilities, Weirdness & Mutations

You have a beak for a mouth.
You have claws for feet.
Your magical nature lets you fly swiftly and evasively.


Message History

Casting: Foxfire (safe; 1% risk of failure)
Confirm with . or Enter, or press ? or * to list all spells.
You don't know that spell.
Unknown command.
Unknown command.
You feel much better. The steam dragon barely misses you.
The steam dragon claws you.
You feel very mighty all of a sudden. The steam dragon completely misses you.
The steam dragon closely misses you.
Casting: Foxfire (safe; 1% risk of failure)
Press: ? - help, Q - select action, (/) - cycle Dir - look around, f - activate You conjure some foxfire!
The steam dragon closely misses you. The steam dragon claws you.
Unknown command.
Casting: Foxfire (safe; 1% risk of failure)
Press: ? - help, Q - select action, (/) - cycle Dir - look around, f - activate You conjure some foxfire!
The foxfire hits the steam dragon.
The steam dragon is severely wounded.
The foxfire hits the steam dragon.
The steam dragon is severely wounded.
The steam dragon breathes steam at you. The ball of steam hits you!
The ball of steam hits your foxfire.
Your foxfire resists.
Casting: Foxfire (safe; 1% risk of failure)
Press: ? - help, Q - select action, (/) - cycle Dir - look around, f - activate You conjure some foxfire!
You are engulfed in a cloud of scalding steam.
The foxfire hits the steam dragon.
The steam dragon is almost dead.
The foxfire hits the steam dragon but does no damage.
The steam dragon is almost dead.
The steam dragon bites you but does no damage.
The steam dragon claws you but does no damage.
Your foxfire dissipates!
The foxfire hits the steam dragon.
The steam dragon is almost dead.
The steam dragon breathes steam at you. The ball of steam hits you!
You die...

.. ##................##..#).#...
##. #.................#....).....
...##.......))............#......
............)...........#####....
. #.......##..###......## ...#
.##.....####..##....§§.## ..##
........# #...#....§.§..... ..
.....##.###...#....§.....## ...
#...##..........@........# #.
................§§§.....##
................D.§.....#
.........................
>.##................#....
.....#...................
.....#...................
.....##...............##.
##...##.............###


You could see a steam dragon (catching breath).

Vanquished Creatures
  A hornet (D:5)
  Grinder (D:4)
  A black bear (D:4)
  Blork the orc (D:4)
  A scorpion (D:4)
  2 orc priests (D:7)
  4 orc wizards
  4 adders
  An adder skeleton (D:5)
  2 worms
  19 orcs
  5 endoplasms
  5 giant cockroaches
  7 goblins
  5 hobgoblins
  11 jackals
  4 kobolds
  7 quokkas
  6 ball pythons
  8 bats
  5 frilled lizards
  7 rats
107 creatures vanquished.

Vanquished Creatures (others)
  480 foxfires
480 creatures vanquished.

Grand Total: 587 creatures vanquished

Notes
Turn   | Place    | Note
-------+----------+-------------------------------------------
     0 | D:1      | quinnr the Tengu Fire Elementalist began the quest for the
                  | Orb.
     0 | D:1      | Reached XP level 1. HP: 10/10 MP: 4/4
   152 | D:1      | Reached XP level 2. HP: 15/15 MP: 4/6
   838 | D:1      | Reached XP level 3. HP: 19/19 MP: 0/8
  1481 | D:2      | Learned a level 3 spell: Conjure Flame
  1852 | D:2      | Reached XP level 4. HP: 23/24 MP: 2/9
  3211 | D:3      | Gained mutation: Your magical nature lets you fly swiftly
                  | and evasively. [Tengu growth]
  3211 | D:3      | Reached XP level 5. HP: 28/28 MP: 0/10
  3356 | D:3      | Reached skill level 1 in Fighting
  3872 | D:3      | Found an opulent altar of Gozag.
  4230 | D:4      | Found a staircase to the Ecumenical Temple.
  4237 | D:4      | Noticed Blork the orc
  4240 | Temple   | Entered the Ecumenical Temple
  4354 | Temple   | quinnr: !whichgod TeFE
  4354 | Temple   | beem: 18 recent wins for TeFE: 11x Vehumet, 2x Ashenzari,
                  | 2x Gozag, 2x Ru, Makhleb
  4372 | D:4      | Killed Blork the orc
  4373 | D:4      | Reached XP level 6. HP: 35/35 MP: 4/13
  4475 | D:4      | Noticed Grinder
  4495 | D:4      | Killed Grinder
  4496 | D:4      | Reached skill level 5 in Conjurations
  4496 | D:4      | Reached skill level 5 in Fire Magic
  4496 | D:4      | Reached XP level 7. HP: 30/40 MP: 2/14
  4572 | D:4      | Learned a level 5 spell: Fireball
  4723 | D:4      | quinnr: ??fireball
  4723 | D:4      | beem: fireball[1/3]: Level 5 Fire/Conjuration spell. Cannot
                  | be evaded. Makes noise. Hits a 3x3 area. Does
                  | 3d(3.33+power/6) fire damage.
  5181 | D:4      | Found a sacrificial altar of Ru.
  5336 | D:5      | Entered Level 5 of the Dungeon
  5582 | D:5      | Noticed a hornet
  5589 | D:5      | Killed a hornet
  5590 | D:5      | Reached skill level 5 in Spellcasting
  5795 | D:5      | Learned a level 2 spell: Call Imp
  5817 | D:5      | You are sucked into a shaft and drop 3 floors!
  5817 | D:8      | Found a hazy altar of Hepliaklqana.
  5845 | D:8      | Found Zohiplunn's Weapon Shop.
  6024 | D:7      | Reached XP level 8. HP: 39/44 MP: 4/16
  6027 | D:7      | Reached skill level 1 in Summonings
  6278 | D:7      | Killed from afar by a steam dragon

Illustrated notes

Levels and vault maps discovered:
D:1:      roderic_octagonal_star, layout_basic, minmay_misc_feat_plants
D:2:      layout_loops_ring, minmay_misc_feat_hallway, minmay_pentomino_w4
D:3:      layout_loops_cross, nicolae_gozag_seed_capital, minmay_vboxes
D:4:      layout_basic, kennysheep_mini_moat,
          minmay_temple_entry_statues_pillars, uniq_grinder, uniq_blork_the_orc
D:5:      layout_basic, hangedman_abyss_or_decor_lesser_grid
D:7:      layout_cave_pools, hellmonk_bongcloud_opening
D:8:      layout_basic, kennysheep_mini, nicolae_hepliaklqana_hazy_memory,
          serial_shops, shop, kennysheep_windowed_goal
Temple:   nicolae_temple_figure_zero

Skill      XL: |  1  2  3  4  5  6  7  8 |
---------------+-------------------------+-----
Conjurations   | 2 3 4 5 6 |  6.0
Spellcasting   | 3 4 5 |  5.4
Fire Magic     | 4 5 6 |  6.0
Fighting       | 2 |  2.0
Summonings     | 1 |  1.9
Dodging        | |  2.1
Stealth        | |  2.0

Action                   |  1- 3 |  4- 6 |  7- 9 || total
-------------------------+-------+-------+-------++-------
Melee: Unarmed           |       |       |     2 ||     2
       Kick              |       |       |     1 ||     1
 Cast: Foxfire           |   104 |   117 |    70 ||   291
       Conjure Flame     |     1 |     4 |     4 ||     9
       Call Imp          |       |       |     1 ||     1
  Use: Scroll            |       |     4 |     2 ||     6
       Potion            |       |       |     2 ||     2
Armor: Robe              |     6 |     5 |     6 ||    17
Dodge: Dodged            |    11 |    11 |    10 ||    32

Table legend: (Time is in decaauts)
 A = Elapsed time spent in this place.
 B = Non-inter-level travel time spent in this place.
 C = Inter-level travel time spent in this place.
 D = Time resting spent in this place.
 E = Time spent auto-exploring this place.
 F = Levels seen in this place.
 G = Mean time per level.
                   A        B        C        D        E       F      G
               +--------+--------+--------+--------+--------+-----+--------+
         Total |   6135 |   6014 |    121 |   1348 |   3717 |   8 |  766.9 |
       Dungeon |   5953 |   5841 |    112 |   1281 |   3615 |   7 |  850.4 |
        Temple |    182 |    173 |      9 |     67 |    102 |   1 |  182.0 |
               +--------+--------+--------+--------+--------+-----+--------+

Top non-repeatable levels by time:
     D:2: 1469 daAuts
     D:1: 1433 daAuts
     D:4: 1247 daAuts
     D:3: 1190 daAuts
     D:7: 298 daAuts
  Temple: 182 daAuts
     D:5: 177 daAuts
     D:8: 137 daAuts
